 Dungeon Sprint DCSS version 0.26-a0-652-gafc20e3620 (webtiles) character file.

Game seed: 9990064781095293845

220 sahdkjhfkaj the Grappler (level 9, -1/145 HPs)
             Began as a Troll Monk on Oct 3, 2020.
             Was an Initiate of Gozag.
             Slain by Aizul (14 damage)
             ... in the Dungeon (Sprint VI: "Thunderdome").
             The game lasted 00:04:59 (618 turns).

sahdkjhfkaj the Grappler (Troll Monk)                Turns: 618, Time: 00:05:00

Health: -1/145     AC: 10    Str: 20    XL:     9   Next: 24%
Magic:  8/8        EV: 13    Int: 19    God:    Gozag
Gold:   593        SH:  0    Dex: 10    Spells: 8/8 levels left

rFire    . . .     SeeInvis +     - Unarmed
rCold    + . .     Faith    +   (no shield)
rNeg     . . .     Spirit   .   l - +0 troll leather armour
rPois    +         Reflect  .   (helmet restricted)
rElec    +         Harm     .   m - +0 cloak
rCorr    +         Rampage  .   (gloves unavailable)
MR       +....     NoTele   +   (boots unavailable)
Stlth    ..........             t - amulet "Juimeny" {Faith rElec Int+4}
HPRegen  1.14/turn              p - ring of Ripigepp {rF- Slay+3 SInv Stlth+}
MPRegen  0.11/turn              q - ring "Cugefyuq" {MR+ Str-4 Int+9 Dex-2}

@: berserking (expiring), lethally poisoned (-1 -> -3), resistant, very quick
A: large, unfitting armour, claws 3, regeneration 1, shaggy fur 1, tough skin 3
a: Potion Petition, Call Merchant, Bribe Branch, Renounce Religion


You were in the Dungeon.
You worshipped Gozag.
Gozag was pleased with you.
You visited 1 branch You collected 1967 gold pieces.
You spent 1374 gold pieces at shops.

Inventory:

Armour
 a - a +0 robe
 l - a +0 troll leather armour (worn)
 m - a +0 cloak (worn)
Jewellery
 o - the ring "Errinig" {rC+ Int+6}
   (You bought it in a shop in the Dungeon)

   [ring of intelligence]

   It affects your intelligence (+6).
   It protects you from cold.
 p - the ring of Ripigepp (left claw) {rF- Slay+3 SInv Stlth+}
   (You bought it in a shop in the Dungeon)

   [ring of see invisible]

   It affects your accuracy and damage with ranged weapons and melee attacks
   (+3).
   It makes you vulnerable to fire.
   It lets you see invisible.
   It makes you more stealthy.
 q - the ring "Cugefyuq" (right claw) {MR+ Str-4 Int+9 Dex-2}
   (You bought it in a shop in the Dungeon)

   [ring of protection from magic]

   It affects your strength (-4).
   It affects your intelligence (+9).
   It affects your dexterity (-2).
   It affects your resistance to hostile enchantments.
 r - the amulet of Eternal Harmony {Faith rF+ Dex+4}
   (You bought it in a shop in the Dungeon)

   [amulet of faith]

   It allows you to gain divine favour quickly.
   It affects your dexterity (+4).
   It protects you from fire.
 s - the ring "Asiy" {rCorr Str+3 Slay+2}
   (You bought it in a shop in the Dungeon)

   [ring of resist corrosion]

   It affects your strength (+3).
   It affects your accuracy and damage with ranged weapons and melee attacks
   (+2).
   It provides partial protection from all sources of acid and corrosion.
 t - the amulet "Juimeny" (around neck) {Faith rElec Int+4}
   (You bought it in a shop in the Dungeon)

   [amulet of faith]

   It allows you to gain divine favour quickly.
   It affects your intelligence (+4).
   It insulates you from electricity.
 u - the ring "Caudyap" {*Corrode +Fly MP+9 Slay+2}
   (You bought it in a shop in the Dungeon)

   [ring of flight]

   It affects your accuracy and damage with ranged weapons and melee attacks
   (+2).
   It affects your magic capacity (+9).
   It lets you fly.
   It may corrode you when you take damage.
 v - the ring of the Tired Friars {rPois Str+4 Stlth+, unknown}
   (You bought it in a shop in the Dungeon)

   [ring of poison resistance]

   It affects your strength (+4).
   It protects you from poison.
   It makes you more stealthy.
 w - the ring of Hepliaklqana's Hope {rElec MR- Dex+5 Stlth-, unknown}
   (You bought it in a shop in the Dungeon)

   [ring of attention]

   It affects your dexterity (+5).
   It insulates you from electricity.
   It affects your resistance to hostile enchantments.
   It makes you less stealthy.
 x - the ring of Voawy {rF- rC+ MR+ Str+4 Stlth+, unknown}
   (You bought it in a shop in the Dungeon)

   [ring of protection from magic]

   It affects your strength (+4).
   It makes you vulnerable to fire.
   It protects you from cold.
   It affects your resistance to hostile enchantments.
   It makes you more stealthy.
 y - the ring "Qehapua" {rPois Str+6, unknown}
   (You bought it in a shop in the Dungeon)

   [ring of poison resistance]

   It affects your strength (+6).
   It protects you from poison.
 z - the ring of Fieruw {MP+9 Dex+3, unknown}
   (You bought it in a shop in the Dungeon)

   [ring of magical power]

   It affects your dexterity (+3).
   It affects your magic capacity (+9).
Wands
 h - a wand of acid (5)
 i - a wand of iceblast (5)
Scrolls
 g - 4 scrolls of blinking
 j - 3 scrolls of fog
Potions
 b - a potion of curing
 c - 4 potions of heal wounds
 d - 4 potions of haste
 e - 2 potions of magic
 n - a potion of degeneration {unknown}
 A - a potion of experience


   Skills:
 + Level 8.7 Fighting
 + Level 8.7 Armour
 + Level 8.7 Dodging
 - Level 1.0 Stealth
 - Level 10.0 Unarmed Combat


You had 8 spell levels left.
You didn't know any spells.
Your spell library was empty.

Dungeon Overview and Level Annotations

Branches:
Dungeon (1/1)

Altars:
Cheibriados
Dithmenos
Fedhas
Gozag
Kikubaaqudgha
Makhleb
Okawaru
Qazlal
Ru
Sif Muna
Trog
Uskayaw
Vehumet
Wu Jian
Xom
Yredelemnul
Zin
The Shining One
Beogh
Jiyva
Lugonu

Shops:
D *[??*?*:[((!!!!

Annotations:
D Aizul


Innate Abilities, Weirdness & Mutations

You are too large for most types of armour.
You have claws for hands.
Your natural rate of healing is unusually fast.
You are covered in fur. (AC +1)
You have extremely tough skin. (AC +3)


Message History

Unknown command.
You scratch Aizul.
Aizul is almost dead.
You feel sick. Aizul hits you!
Unknown command.
You closely miss Aizul.
Aizul is almost dead.
You feel sick. Aizul hits you!
* * * LOW HITPOINT WARNING * * *
Unknown command.
You closely miss Aizul.
Aizul is almost dead.
You feel sick. Aizul hits you!
* * * LOW HITPOINT WARNING * * *
Unknown command.
You scratch Aizul. Your claw misses Aizul.
Aizul is almost dead.
You feel sick. Aizul hits you!
You die...
Your body crumbles into a pile of gold.

#_....).._#
###.........###
#⌠[....[.....⌠#
#[8.........8.######
......###......___∩##
....8.# #.8........∩###
.....[###....[........##
...###...###...S......⌠#
...# #.<.# #....@.....⌠#
...###...###..........⌠#
......###[..).........##
....8.# #.8........∩###
......###......._.∩##
#.8.........8.######
#⌠...........⌠#
###.........###
#_......._#


You could see Aizul.

Vanquished Creatures
  Prince Ribbit (D)
  A blink frog (D)
  Sigmund (D)
  An orc warrior (D)
  An ogre (D)
  Blork the orc (D)
  4 bullfrogs (D)
  2 orc priests (D)
  2 orc wizards (D)
  Jessica (D)
  Terence (D)
  A worker ant (D)
  An adder (D)
  A shadow imp (D)
  A dart slug (D)
  A hobgoblin (D)
  A jackal (D)
22 creatures vanquished.

Notes
Turn   | Place    | Note
-------+----------+-------------------------------------------
     0 | D        | sahdkjhfkaj the Troll Monk began the quest for the Orb.
     0 | D        | Reached XP level 1. HP: 22/22 MP: 0/0
     1 | D        | Found a radiant altar of Vehumet.
     2 | D        | Found an iron altar of Okawaru.
     2 | D        | Found a blossoming altar of Fedhas.
     3 | D        | Found a burning altar of Makhleb.
     3 | D        | Found a stormy altar of Qazlal.
     4 | D        | Found a hide-covered altar of Uskayaw.
     4 | D        | Found a bloodstained altar of Trog.
     4 | D        | Found Qevu's Weapon Rack.
     4 | D        | Found Safa's Premium Goods.
     5 | D        | Found Geicsitz's Basic Armour.
     5 | D        | Found Ynavis's Miscellaneous Merchandise.
     5 | D        | Round 1.
     7 | D        | Found Oborac's Do-It-Yourself Clinic.
     8 | D        | Found Urhow's Bottled Wisdom.
     8 | D        | Found Pemm's Distillery.
     8 | D        | Found a sacrificial altar of Ru.
     8 | D        | Found a snail-covered altar of Cheibriados.
     8 | D        | Found an ancient bone altar of Kikubaaqudgha.
     8 | D        | Found Hozaarr's Distillery.
    14 | D        | Found a glowing golden altar of the Shining One.
    16 | D        | Found a shimmering blue altar of Sif Muna.
    17 | D        | Found Veqatug's Staff Store.
    18 | D        | Found Ownelys's Must-Have Magic.
    18 | D        | Found Pauputhri's Magic Scroll Shop.
    19 | D        | Found a corrupted altar of Lugonu.
    19 | D        | Found a viscous altar of Jiyva.
    19 | D        | Found a shimmering altar of Xom.
    19 | D        | Found Epoxtorph's Magic Scroll Shop.
    23 | D        | Found an ornate altar of the Wu Jian Council.
    24 | D        | Found a glowing silver altar of Zin.
    25 | D        | Found a roughly hewn altar of Beogh.
    27 | D        | Found Ocitougi's Jewellery.
    27 | D        | Found Ekuxieh's Advanced Armour.
    27 | D        | Found a basalt altar of Yredelemnul.
    27 | D        | Found a shadowy altar of Dithmenos.
    27 | D        | Found an opulent altar of Gozag.
    27 | D        | Found Atusu's Identification Station.
    36 | D        | Became a worshipper of Gozag Ym Sagoz the Greedy
    54 | D        | Bought a +0 troll leather armour for 180 gold pieces
    54 | D        | Bought a +0 cloak for 54 gold pieces
    59 | D        | Noticed a worker ant
    72 | D        | Killed a worker ant
    72 | D        | Reached skill level 4 in Unarmed Combat
    72 | D        | Reached skill level 1 in Armour
    72 | D        | Reached XP level 2. HP: 31/31 MP: 1/1
   105 | D        | Noticed Terence
   105 | D        | Noticed Sigmund
   112 | D        | Killed Sigmund
   112 | D        | Reached skill level 5 in Unarmed Combat
   112 | D        | Reached XP level 3. HP: 45/45 MP: 2/2
   112 | D        | Reached XP level 4. HP: 53/53 MP: 3/3
   112 | D        | Reached XP level 5. HP: 61/61 MP: 4/4
   116 | D        | Killed Terence
   133 | D        | Arena points: 5 (+5) [x1]
   148 | D        | Round 2.
   165 | D        | Noticed Jessica
   174 | D        | Killed Jessica
   176 | D        | Reached skill level 5 in Armour
   176 | D        | Reached skill level 5 in Dodging
   215 | D        | Arena points: 29 (+24) [x2]
   230 | D        | Round 3.
   235 | D        | Noticed a blink frog
   241 | D        | Bought a coiled marble ring for 45 gold pieces
   241 | D        | Bought a pitted lapis lazuli ring for 45 gold pieces
   241 | D        | Bought a transparent tin ring for 45 gold pieces
   241 | D        | Bought a shimmering zirconium amulet for 45 gold pieces
   241 | D        | Bought a slimy bone ring for 45 gold pieces
   241 | D        | Bought a vibrating bronze amulet for 45 gold pieces
   241 | D        | Bought a glittering platinum ring for 45 gold pieces
   241 | D        | Bought a shimmering granite ring for 45 gold pieces
   241 | D        | Bought a clouded golden ring for 45 gold pieces
   241 | D        | Bought a vibrating wooden ring for 45 gold pieces
   241 | D        | Bought a translucent bronze ring for 45 gold pieces
   241 | D        | Bought a steaming copper ring for 45 gold pieces
   246 | D        | Identified the amulet of Eternal Harmony {Faith rF+ Dex+4}
                  | (You bought it in a shop in the Dungeon)
   257 | D        | Killed a blink frog
   257 | D        | Reached XP level 6. HP: 49/68 MP: 5/5
   265 | D        | Reached skill level 6 in Unarmed Combat
   269 | D        | Reached skill level 7 in Unarmed Combat
   269 | D        | Reached XP level 7. HP: 59/76 MP: 6/6
   273 | D        | Noticed Prince Ribbit
   280 | D        | Identified the amulet "Juimeny" {Faith rElec Int+4} (You
                  | bought it in a shop in the Dungeon)
   290 | D        | Killed Prince Ribbit
   290 | D        | Reached skill level 8 in Unarmed Combat
   290 | D        | Reached skill level 9 in Unarmed Combat
   300 | D        | Reached skill level 10 in Unarmed Combat
   307 | D        | Arena points: 92 (+63) [x3]
   324 | D        | Identified the ring "Errinig" {rC+ Int+6} (You bought it in
                  | a shop in the Dungeon)
   325 | D        | Identified the ring of Ripigepp {rF- Slay+3 SInv Stlth+}
                  | (You bought it in a shop in the Dungeon)
   327 | D        | Identified the ring "Cugefyuq" {MR+ Str-4 Int+9 Dex-2} (You
                  | bought it in a shop in the Dungeon)
   329 | D        | Identified the ring "Asiy" {rCorr Str+3 Slay+2} (You bought
                  | it in a shop in the Dungeon)
   331 | D        | Identified the ring "Caudyap" {*Corrode +Fly MP+9 Slay+2}
                  | (You bought it in a shop in the Dungeon)
   376 | D        | Round 4.
   463 | D        | Noticed Blork the orc
   474 | D        | Killed Blork the orc
   474 | D        | Reached XP level 8. HP: 87/87 MP: 7/7
   523 | D        | Arena points: 220 (+128) [x4]
   552 | D        | Bought a potion of experience for 300 gold pieces
   552 | D        | Bought a potion of experience for 300 gold pieces
   552 | D        | Reached XP level 9. HP: 97/97 MP: 8/8
   569 | D        | Round 5.
   596 | D        | Noticed Aizul
   618 | D        | Slain by Aizul

Illustrated notes

Levels and vault maps discovered:
D:        arena_sprint

Skill      XL: |  1  2  3  4  5  6  7  8 |
---------------+-------------------------+-----
Unarmed Combat | 4 5 7 10 | 10.0
Armour         | 2 4 6 7 8 |  8.7
Fighting       | 3 6 7 8 |  8.7
Dodging        | 3 4 6 7 8 |  8.7
Stealth        | |  1.0

Action                   |  1- 3 |  4- 6 |  7- 9 || total
-------------------------+-------+-------+-------++-------
Melee: Unarmed           |    11 |    31 |    61 ||   103
       Punch             |       |     1 |     1 ||     2
  Use: Potion            |       |       |     3 ||     3
Armor: Troll leather arm |     2 |    15 |    10 ||    27
Dodge: Dodged            |     7 |    23 |    20 ||    50

Table legend: (Time is in decaauts)
 A = Elapsed time spent in this place.
 B = Non-inter-level travel time spent in this place.
 C = Inter-level travel time spent in this place.
 D = Time resting spent in this place.
 E = Time spent auto-exploring this place.
 F = Levels seen in this place.
 G = Mean time per level.
                   A        B        C        D        E       F      G
               +--------+--------+--------+--------+--------+-----+--------+
         Total |    593 |    593 |      0 |    191 |     81 |   1 |  593.0 |
       Dungeon |    593 |    593 |      0 |    191 |     81 |   1 |  593.0 |
               +--------+--------+--------+--------+--------+-----+--------+

Top non-repeatable levels by time:
       D: 593 daAuts
